 Dungeon Crawl Stone Soup version 0.30-a0-639-g3916f1956a (webtiles) character file.

Game seed: 8626990491752697295

14 timneilson the Slasher (level 2, 0/22 HPs)
             Began as a Demonspawn Gladiator on Jan 15, 2023.
             Slain by a kobold
             ... wielding a +1 heavy hand axe
              (5 damage)
             ... on level 2 of the Dungeon.
             The game lasted 00:00:38 (182 turns).

timneilson the Slasher (Demonspawn Gladiator)        Turns: 182, Time: 00:00:38

Health: 0/22       AC:  9    Str: 14    XL:     2   Next: 27%
Magic:  2/2        EV:  6    Int:  9    God:
Gold:   21         SH:  0    Dex: 14    Spells: 1/1 levels left

rFire   . . .      SeeInvis .    a - +0 long sword
rCold   . . .      Faith    .    (no shield)
rNeg    . . .      Spirit   .    f - +0 chain mail
rPois   .          Reflect  .    c - +0 helmet
rElec   .          Harm     .    (no cloak)
rCorr   .          Rampage  .    (no gloves)
Will    .....                    (no boots) Stlth
                                 (no amulet)
HPRegen 0.23/turn                (no ring)
MPRegen 0.08/turn                (no ring)

@: no status effects
A: powered by pain 1
a: no special abilities


You were on level 2 of the Dungeon.
You visited 1 branch of the dungeon, and saw 2 of its levels.

You collected 21 gold pieces.

Inventory:

Hand Weapons
 a - a +0 long sword (weapon)
Missiles
 d - 3 throwing nets (quivered)
 e - a javelin
Armour
 c - a +0 helmet (worn)
 f - a +0 chain mail (worn)


   Skills:
 + Level 2.2 Fighting
 * Level 2.9 Long Blades
 - Level 1.7 Throwing
 * Level 0.8 Armour
 + Level 2.8 Dodging


You had one spell level left.
You didn't know any spells.
Your spell library was empty.

Dungeon Overview and Level Annotations

Branches:
Dungeon (1/15)

Altars:


Innate Abilities, Weirdness & Mutations

You sometimes gain a little power by taking damage.


Message History

You feel sick. The adder bites you but does no damage.
The frilled lizard bites you but does no damage.
The adder bites you but does no damage.
You closely miss the adder.
The adder is severely wounded.
You feel sick.
You are no longer poisoned.
The adder bites you but does no damage. The frilled lizard closely misses you.
You closely miss the adder.
The adder is severely wounded.
The adder bites you but does no damage.
The frilled lizard bites you but does no damage.
The adder bites you but does no damage.
You closely miss the adder. You punch the adder.
You kill the adder!
The frilled lizard barely misses you. The frilled lizard bites you.
You have reached level 2!
Your demonic ancestry asserts itself...
You feel energised by your suffering.
You barely miss the frilled lizard. The frilled lizard bites you.
* * * LOW HITPOINT WARNING * * *
You barely miss the frilled lizard.
The frilled lizard bites you but does no damage.
You hit the frilled lizard.
You kill the frilled lizard!
HP restored.
A kobold comes into view. It is wielding a +1 heavy hand axe.
The kobold hits you with a +1 heavy hand axe.
You closely miss the kobold. The kobold barely misses you.
You completely miss the kobold.
The kobold hits you with a +1 heavy hand axe.
You barely miss the kobold. You hit the kobold but do no damage.
The kobold hits you with a +1 heavy hand axe.
You closely miss the kobold.
The kobold hits you with a +1 heavy hand axe.
* * * LOW HITPOINT WARNING * * *
You barely miss the kobold.
The kobold hits you with a +1 heavy hand axe.
You die...

..#.# ..#.# ..#.# #.#.#
#.#.# #.#.# #
#####.#.###
###.#.####.........#
......K@.........#.#####
#.....####[####.........
#.#.# #.# ####†####. #
#.#######.##..)
#.##...........
#.#..###..###..
#..............
####...........
#####...........


You could see a kobold.

Vanquished Creatures
  An adder (D:2)
  2 hobgoblins (D:2)
  A frilled lizard (D:2)
  2 rats (D:2)
6 creatures vanquished.

Notes
Turn   | Place    | Note
-------+----------+-------------------------------------------
     0 | D:1      | timneilson the Demonspawn Gladiator began the quest for the
                  | Orb.
     0 | D:1      | Reached XP level 1. HP: 16/16 MP: 1/1
    21 | D:1      | You fall into a shaft and drop 1 floor!
    21 | D:2      | Found a faded altar of an unknown god.
    97 | D:2      | Gained mutation: You sometimes gain a little power by
                  | taking damage. [demonic ancestry]
    97 | D:2      | Reached XP level 2. HP: 7/22 MP: 2/2
   182 | D:2      | Slain by a kobold

Illustrated notes

Levels and vault maps discovered:
D:1:      dpeg_arrival_fog, layout_rooms, minmay_3d_cube
D:2:      layout_loops_ring, hellmonk_ecumenical_altar_lost_god

Action                   || total
-------------------------++-------
Melee: Long sword        ||    31
       Punch             ||     1
Armor: Chain mail        ||    21
Dodge: Dodged            ||    14

Table legend: (Time is in decaauts)
 A = Elapsed time spent in this place.
 B = Non-inter-level travel time spent in this place.
 C = Inter-level travel time spent in this place.
 D = Time resting spent in this place.
 E = Time spent auto-exploring this place.
 F = Levels seen in this place.
 G = Mean time per level.
                   A        B        C        D        E       F      G
               +--------+--------+--------+--------+--------+-----+--------+
         Total |    189 |    189 |      0 |      0 |     98 |   2 |   94.5 |
       Dungeon |    189 |    189 |      0 |      0 |     98 |   2 |   94.5 |
               +--------+--------+--------+--------+--------+-----+--------+

Top non-repeatable levels by time:
     D:2: 168 daAuts
     D:1: 21 daAuts
